 Dungeon Crawl Stone Soup version 0.30.1-11-g7821555f0a (webtiles) character file.

Game seed: 11790127336886469877

15 KyoPewz the Sneak (level 2, -1/11 HPs)
             Began as a Felid Enchanter on Jan 2, 2024.
             Slain by a gnoll
             ... wielding a +0 flail
              (11 damage)
             ... on level 1 of the Dungeon.
             The game lasted 00:00:53 (618 turns).

KyoPewz the Sneak (Felid Enchanter)                  Turns: 618, Time: 00:00:54

Health: -1/11      AC:  1    Str:  4    XL:     2   Next: 34%
Magic:  6/6        EV: 17    Int: 16    God:
Gold:   53         SH:  0    Dex: 16    Spells: 3/5 levels left
                                        Lives:  0   Deaths: 0

rFire   . .          .
                       - Unarmed
rCold   . . .        (shield unavailable)
rNeg    . . .        (body armour unavailable)
rPois   .            (helmet unavailable)
rElec   .            (cloak unavailable)
rCorr   .            (gloves unavailable)
SInv    +            (boots unavailable)
Will    .....        (no amulet)
Stlth   +++          (no ring)
HPRegen 0.21/turn    (no ring)
MPRegen 0.10/turn

%: no passive effects
@: quick
A: very small, claws 1, fangs 3, see invisible, speed 1, shaggy fur 1, stealthy
paws, no weapons or thrown items, no armour, multi-lived
a: no special abilities


You were on level 1 of the Dungeon.
You visited 1 branch of the dungeon, and saw 1 of its levels.

You collected 53 gold pieces.

Inventory:

Scrolls
 c - a scroll of brand weapon {unknown}
Potions
 a - 3 potions of invisibility
 b - a potion of mutation {unknown}
 d - 2 potions of heal wounds {unknown}
 e - a potion of curing {unknown}
 f - a potion of degeneration {unknown}


   Skills:
 - Level 2.6 Dodging
 + Level 5.3 Stealth
 - Level 1.0 Unarmed Combat
 - Level 2.0 Spellcasting
 - Level 4.4 Hexes


You had 3 spell levels left.
You knew the following spells:

 Your Spells              Type           Power      Damage    Failure   Level
a - Ensorcelled Hibernat  Hex/Ice        16%        N/A       13%         2

Your spell library contained the following spells:

 Spells                   Type           Power      Damage    Failure   Level
 Confusing Touch          Hex            15%        N/A       11%         3
 Tukima's Dance           Hex            15%        N/A       11%         3
 Dazzling Flash           Conj/Hex       16%        N/A       26%         3
 Ozocubu's Armour         Ice            1%         N/A       52%         3
 Ozocubu's Refrigeration  Ice            0%         4d7       100%        7


Dungeon Overview and Level Annotations

Branches:
Dungeon (1/15)

Altars:


Innate Abilities, Weirdness & Mutations

You have sharp claws.
You have razor-sharp teeth.
You have supernaturally acute eyesight. (SInv)
You cover ground quickly. (Speed+)
You are covered in fur. (AC +1)
Your paws help you pounce on unaware monsters.
You are incapable of wielding weapons or throwing items.
You cannot wear armour.
You gain extra lives every three experience levels.


Message History

You scratch the kobold but do no damage.
The kobold barely misses you.
Health restored: 11 You scratch the goblin.
Your claw misses the goblin.
The goblin is almost dead.
The kobold hits you with a +0 dagger. The goblin misses you.
You take 2 damage, and have 9/11 hp.
You scratch the goblin.
You kill the goblin!
The kobold closely misses you.
You barely miss the kobold. You bite the kobold, but do no damage.
The kobold misses you.
You scratch the kobold.
You kill the kobold!
No target in view!
A gnoll comes into view. It is wielding a +0 flail.
Health restored: 11 The gnoll shouts!
You scratch the gnoll but do no damage.
A hobgoblin comes into view.
The gnoll misses you.
You scratch the gnoll.
The gnoll is moderately wounded.
The gnoll closely misses you.
You barely miss the gnoll.
The gnoll is moderately wounded.
The gnoll hits you with a +0 flail.
You take 2 damage, and have 9/11 hp.
You scratch the gnoll but do no damage.
The gnoll is moderately wounded.
The gnoll misses you.
You scratch the gnoll but do no damage. You bite the gnoll.
The gnoll is moderately wounded.
The gnoll closely misses you.
You completely miss the gnoll. Your bite misses the gnoll.
The gnoll is moderately wounded.
A ball python comes into view.
The gnoll hits you with a +0 flail!
Ouch! That really hurt!
You die...

#......##...#...... ..
#................(. ...
#.............#.._. ....
#..............#..#
....##............#.....
.................##...#.
......).#........#[...#.
........#......#...##.##
.......@#...............
.....gg##...........#.##
....[.. #####.........#
...#### #.......### ...
##>.....# S. #...)).#
#......# #......#
#.#########


You could see a gnoll, a hobgoblin and a ball python.

Vanquished Creatures
  A ball python (D:1)
  3 endoplasms (D:1)
  A goblin (D:1)
  2 jackals (D:1)
  A kobold (D:1)
  A quokka (D:1)
  3 bats (D:1)
12 creatures vanquished.

Notes
Turn   | Place    | Note
-------+----------+-------------------------------------------
     0 | D:1      | KyoPewz the Felid Enchanter began the quest for the Orb.
     0 | D:1      | Reached XP level 1. HP: 7/7 MP: 4/4
    17 | D:1      | Found a faded altar of an unknown god.
   180 | D:1      | Reached XP level 2. HP: 6/11 MP: 6/6
   257 | D:1      | Reached skill level 5 in Stealth
   292 | D:1      | Learned a level 2 spell: Ensorcelled Hibernation
   618 | D:1      | Slain by a gnoll

Illustrated notes

Levels and vault maps discovered:
D:1:      dpeg_arrival_arbitrary_c, layout_basic,
          hellmonk_ecumenical_altar_blasted

Skill      XL: |  1  2 |
---------------+-------+-----
Stealth        | 5 |  5.3
Dodging        | |  2.6
Unarmed Combat | |  1.0
Spellcasting   | |  2.0
Hexes          | |  4.4

Action                     || total
---------------------------++-------
  Melee: Unarmed           ||    41
         Bite              ||     7
   Stab: Sleeping          ||     3
  Dodge: Dodged            ||    29
